 Dungeon Crawl Stone Soup version 0.25.0-11-g1f837a76a1 (console) character file.

Game seed: 867568231359447110

1167 bli the Insei (level 8, -16/42 HPs)
             Began as a Vine Stalker Monk on June 26, 2020.
             Was a High Priest of Cheibriados.
             Demolished by an ogre
             ... wielding a +0 giant club
              (21 damage)
             ... on level 7 of the Dungeon on June 27, 2020.
             The game lasted 00:19:17 (3712 turns).

bli the Insei (Vine Stalker Monk)                   Turns: 3712, Time: 00:19:17

Health: -16/42     AC:  4    Str: 25    XL:     8   Next: 40%
Magic:  0/9        EV: 15    Int: 23    God:    Cheibriados [*****.]
Gold:   164        SH:  0    Dex: 28    Spells: 7/7 levels left

rFire    . . .     SeeInvis +     - Unarmed
rCold    . . .     Gourm    .   (no shield)
rNeg     . . .     Faith    .   n - +0 leather armour
rPois    +         Spirit   +   s - +0 helmet
rElec    .         Reflect  .   m - scarf {repulsion}
rCorr    .         Harm     .   (no gloves)
MR       +....                  (no boots)
Stlth    +++.......             (no amulet)
HPRegen  0.54/turn              p - ring of poison resistance
MPRegen  0.11/turn              i - ring of see invisible

@: repel missiles, very slow
A: fangs 3, regeneration 1, magic shield, antimagic bite, no potion heal 3, rot
immunity
a: Bend Time, Temporal Distortion, Slouch, Step From Time, Renounce Religion


You were on level 7 of the Dungeon.
You worshipped Cheibriados.
Cheibriados was extremely pleased with you.
You were not hungry.

You visited 1 branch of the dungeon, and saw 7 of its levels.

You collected 164 gold pieces.

Inventory:

Missiles
 f - 12 poisoned darts (quivered)
Armour
 a - a +0 robe
 m - a scarf of repulsion (worn)
 n - a +0 leather armour (worn)
 s - a +0 helmet (worn)
 w - a +0 ring mail
 x - a +0 chain mail
Jewellery
 e - an uncursed ring of ice
 i - a ring of see invisible (right hand)
 p - a ring of poison resistance (left hand)
Wands
 v - a wand of iceblast (9)
Scrolls
 c - 2 scrolls of amnesia {unknown}
 g - a scroll of remove curse
 h - a scroll of identify
 j - 3 scrolls of teleportation {unknown}
 l - a scroll of random uselessness
 r - a scroll of magic mapping {unknown}
 u - a scroll of enchant weapon {unknown}
Potions
 d - 3 potions of haste
 k - a potion of magic {unknown}
 o - 2 potions of curing
 t - 2 potions of lignification {unknown}
Comestibles
 b - 6 rations
 q - a chunk of flesh


   Skills:
 + Level 4.0 Fighting
 + Level 2.5 Armour
 + Level 4.0 Dodging
 + Level 4.5 Stealth
 + Level 7.6 Unarmed Combat


You had 7 spell levels left.
You didn't know any spells.
Your spell library was empty.

Dungeon Overview and Level Annotations

Branches:
Dungeon (7/15)
 Temple: D:4-7

Altars:
Cheibriados
Fedhas
Qazlal
Sif Muna
Trog


Innate Abilities, Weirdness & Mutations

You have razor-sharp teeth.
Your natural rate of healing is unusually fast.
When hurt, damage is shared between your health and your magic reserves.
Your bite disrupts and absorbs the magic of your enemies.
Potions cannot restore your health.
You are immune to rotting.


Message History

Found a tapered brass wand.
The killer bee stings you. The killer bee barely misses you.
Found an escape hatch in the ceiling.
The killer bee stings you. The killer bee closely misses you.
The killer bee misses you. The killer bee barely misses you.
The ogre completely misses you. The killer bee misses you.
The ogre closely misses you. The killer bee stings you.
* * * LOW HITPOINT WARNING * * *
There is an escape hatch in the floor here.
The killer bee stings you!
* * * LOW HITPOINT WARNING * * *
The killer bee stings you.
* * * LOW HITPOINT WARNING * * *
You slide downwards.
The hatch slams shut behind you.
A jelly comes into view.
Found a steaming war axe, a club, 11 gold pieces and a silver wand.
The killer bee barely misses you.
The killer bee stings you but does no damage.
The ogre hits you with a +0 giant club!!
Ouch! That really hurt!
You die...

.#
###+####.#
#........#
#..../....
#........#
#........#
#.#@........
#..yO..J....
###)......##
#########


You could see an ogre, a jelly (asleep) and a killer bee.

Vanquished Creatures
  A sky beast (D:5)
  A black bear (D:4)
  An ogre (D:3)
  2 phantoms
  A scorpion (D:4)
  3 howler monkeys
  3 orc priests (D:3)
  5 orc wizards
  4 iguanas
  2 worker ants (D:4)
  Robin (D:4)
  6 adders
  An ooze (D:2)
  5 worms
  A dart slug (D:1)
  3 leopard geckos
  22 orcs
  4 bats
  A giant cockroach (D:3)
  13 goblins
  8 hobgoblins
  5 jackals (D:2)
  A ball python (D:3)
  9 frilled lizards
  6 kobolds
  A quokka skeleton (D:4)
  5 rats
115 creatures vanquished.

Notes
Turn   | Place    | Note
-------+----------+-------------------------------------------
     0 | D:1      | bli the Vine Stalker Monk began the quest for the Orb.
     0 | D:1      | Reached XP level 1. HP: 11/11 MP: 2/2
   438 | D:1      | Reached XP level 2. HP: 16/16 MP: 3/3
  1322 | D:2      | Reached XP level 3. HP: 16/20 MP: 4/4
  1441 | D:2      | Gained mutation: Your natural rate of healing is unusually
                  | fast. [Vine Stalker growth]
  1441 | D:2      | Reached XP level 4. HP: 7/24 MP: 5/5
  1476 | D:2      | Reached skill level 4 in Unarmed Combat
  1495 | D:2      | Found a shimmering blue altar of Sif Muna.
  1614 | D:2      | Found a snail-covered altar of Cheibriados.
  1686 | D:2      | Found a faded altar of an unknown god.
  1689 | D:2      | Became a worshipper of Cheibriados the Contemplative
  1689 | D:2      | Reached * piety under Cheibriados
  1689 | D:2      | Reached ** piety under Cheibriados
  1821 | D:2      | Found a bloodstained altar of Trog.
  1822 | D:2      | Found a blossoming altar of Fedhas.
  2012 | D:2      | Reached *** piety under Cheibriados
  2012 | D:2      | Reached XP level 5. HP: 28/28 MP: 6/6
  2259 | D:3      | Reached skill level 5 in Unarmed Combat
  2271 | D:3      | Reached XP level 6. HP: 14/32 MP: 4/7
  2645 | D:3      | Reached **** piety under Cheibriados
  2842 | D:4      | Noticed a phantom
  2904 | D:3      | Reached skill level 6 in Unarmed Combat
  2904 | D:3      | Reached XP level 7. HP: 30/36 MP: 5/8
  2957 | D:3      | Reached skill level 1 in Armour
  3105 | D:4      | Noticed Robin
  3194 | D:3      | Reached skill level 7 in Unarmed Combat
  3198 | D:3      | Reached ***** piety under Cheibriados
  3212 | D:4      | Killed Robin
  3270 | D:4      | Gained mutation: You have razor-sharp teeth. [Vine Stalker
                  | growth]
  3270 | D:4      | Reached XP level 8. HP: 29/42 MP: 7/9
  3349 | D:4      | Found a stormy altar of Qazlal.
  3638 | D:5      | Entered Level 5 of the Dungeon
  3712 | D:7      | Demolished by an ogre

Illustrated notes

Levels and vault maps discovered:
D:1:      giann_bridges, layout_loops_ring
D:2:      layout_rooms, cheibriados_altar_1, lemuel_round_altar, minitemple,
          chequers_ecumenical_altar_grove
D:3:      layout_rooms, nicolae_overflow_hidden_temple, first_ration,
          nrook_loot_triangle
D:4:      black_bear_nest_2, layout_rooms, nicolae_qazlal_general_emergency,
          uniq_robin
D:5:      layout_cave_pools, overflow_temple_1_default, okawaru_metal_pillars_3,
          minmay_temple_entry_offerings, serial_shops, shop,
          nicolae_ru_the_path_less_chosen
D:6:      layout_cave_pools, minmay_misc_feat_iff
D:7:      layout_basic, serial_bayou_crossing

Skill      XL: |  1  2  3  4  5  6  7  8 |
---------------+-------------------------+-----
Fighting       | 3 4 |  4.0
Stealth        | 3 4 |  4.5
Unarmed Combat | 4 5 6 7 |  7.6
Dodging        | 3 4 |  4.0
Armour         | 2 |  2.5

Action                   |  1- 3 |  4- 6 |  7- 9 || total
-------------------------+-------+-------+-------++-------
Melee: Unarmed           |    99 |   193 |    98 ||   390
       Bite              |    30 |    70 |    51 ||   151
       Punch             |     2 |     6 |     4 ||    12
  Use: Scroll            |       |     4 |       ||     4
       Potion            |       |       |     1 ||     1
 Stab: Sleeping          |     3 |     5 |       ||     8
       Distracted        |       |       |     2 ||     2
  Eat: Chunk             |     2 |     3 |     1 ||     6
Armor: Robe              |     8 |    12 |       ||    20
       Leather armour    |       |    12 |    19 ||    31
Dodge: Dodged            |    65 |   155 |    90 ||   310
       Repelled          |       |       |     1 ||     1
